 Dungeon Crawl Stone Soup version 0.21.1-1-g345015f (webtiles) character file.

3441 tidbits the Magician (level 10, 73/73 HPs)
             Began as a Gnoll Ice Elementalist on Mar 29, 2018.
             Quit the game on level 6 of the Dungeon.
             The game lasted 00:31:22 (2831 turns).

tidbits the Magician (Gnoll Ice Elementalist)       Turns: 2831, Time: 00:31:22

Health: 73/73      AC:  8    Str: 12    XL:     10   Next: 5%
Magic:  20/20      EV: 16    Int: 20    God:
Gold:   244        SH:  0    Dex: 15    Spells: 9/23 levels left

rFire    + + .     SeeInvis .   a - +0 dagger
rCold    . . .     Gourm    .   (no shield)
rNeg     + . .     Faith    .   B - +1 robe {rN+}
rPois    .         Spirit   .   (no helmet)
rElec    .         Reflect  .   C - +2 cloak
rCorr    .         Harm     .   G - +0 pair of gloves
MR       .....     Clarity  +   (no boots) Stlth +++.......Rnd*Tele +
                                (no amulet)
HPRegen  0.22/turn              H - ring of protection from fire
MPRegen  0.17/turn              W - ring of wizardry

@: no status effects
A: distributed training, fangs 1, clarity, fire resistance 1, shaggy fur 1,
teleportitis 1, strong nose
a: no special abilities


You were on level 6 of the Dungeon.
You were not hungry.

You visited 2 branches of the dungeon, and saw 10 of its levels.
You also visited: Sewer and Ossuary.

You collected 340 gold pieces.
You spent 96 gold pieces at shops.

Inventory:

Hand Weapons
 a - a +0 dagger (weapon)
 b - a +0 morningstar
 g - a +0 blowgun
 i - a cursed -3 hunting sling
 k - a +0 quarterstaff
 s - a +0 shortbow
 y - a +0 short sword
 A - a +0 trident
 J - a +0 great sword
 O - a +2 dire flail of distortion
   (You took it off Edmund on level 6 of the Dungeon)
Missiles
 j - 96 stones
 m - 35 poisoned needles
 q - 88 arrows
 w - 2 tomahawks of returning (quivered)
 x - 32 bolts
 R - 4 tomahawks
 V - 63 sling bullets
 X - a throwing net {!f}
Armour
 B - a +1 robe of positive energy (worn)
   (You took it off Psyche on level 8 of the Dungeon)
 C - a +2 cloak (worn)
 G - a +0 pair of gloves (worn)
 K - a +0 robe
 S - a +1 robe of positive energy
   (You took it off a wight on level 6 of the Dungeon)
Magical Staves
 L - an uncursed staff of death
   (You found it on level 6 of the Dungeon)
Jewellery
 H - a ring of protection from fire (left hand)
   (You found it on level 5 of the Dungeon)
 W - a ring of wizardry (right hand)
   (You found it on level 7 of the Dungeon)
Wands
 l - a wand of flame (55)
 N - a wand of random effects (13)
 P - a wand of iceblast (3)
 T - a wand of scattershot (4)
Scrolls
 n - a scroll of immolation
 o - 6 scrolls of teleportation
 p - a scroll of blinking
 r - 8 scrolls of remove curse
 t - 3 scrolls of enchant weapon
 u - a scroll of fog
 E - 2 scrolls of noise
 F - a scroll of amnesia
Potions
 d - 2 potions of mutation {!q}
 h - 2 potions of magic
 v - a potion of brilliance {unknown}
 z - 3 potions of heal wounds {unknown}
 I - a potion of flight
 M - a potion of lignification
 Q - 2 potions of curing
 U - a potion of berserk rage {unknown}
Books
 e - a book of Frost

   Spells                             Type                      Level
   a - Freeze                         Ice                          1
   b - Throw Frost                    Conjuration/Ice              2
   c - Ozocubu's Armour               Charms/Ice                   3
   d - Throw Icicle                   Conjuration/Ice              4
   e - Summon Ice Beast               Ice/Summoning                4
 D - a book of Necromancy
   (You found it on level 6 of the Dungeon)

   Spells                             Type                      Level
   a - Pain                           Necromancy                   1
   b - Animate Skeleton               Necromancy                   1
   c - Vampiric Draining              Necromancy                   3
   d - Regeneration                   Charms/Necromancy            3
   e - Animate Dead                   Necromancy                   4
   f - Borgnjor's Vile Clutch         Necromancy/Earth             5
Comestibles
 c - 14 rations


   Skills:
 + Level 4.8 Fighting
 + Level 4.8 Short Blades
 + Level 4.8 Long Blades
 + Level 4.8 Axes
 + Level 4.8 Maces & Flails
 + Level 4.8 Polearms
 + Level 4.8 Staves
 + Level 4.8 Slings
 + Level 4.8 Bows
 + Level 4.8 Crossbows
 + Level 4.8 Throwing
 + Level 4.8 Armour
 + Level 6.7 Dodging
 + Level 6.4 Stealth
 + Level 4.8 Shields
 + Level 4.8 Unarmed Combat
 + Level 7.0 Spellcasting
 + Level 4.5 Conjurations
 + Level 3.9 Hexes
 + Level 3.9 Charms
 + Level 3.9 Summonings
 + Level 3.9 Necromancy
 + Level 3.9 Translocations
 + Level 3.9 Transmutations
 + Level 3.9 Fire Magic
 + Level 6.8 Ice Magic
 + Level 3.9 Air Magic
 + Level 3.9 Earth Magic
 + Level 3.9 Poison Magic
 + Level 5.2 Invocations
 + Level 4.8 Evocations


You had 9 spell levels left.
You knew the following spells:

 Your Spells              Type           Power        Failure   Level  Hunger
a - Freeze                Ice            ####         1%          1    None
j - Throw Frost           Conj/Ice       ####..       1%          2    None
n - Animate Skeleton      Necr           N/A          1%          1    None
o - Ozocubu's Armour      Chrm/Ice       ####....     1%          3    #......
r - Regeneration          Chrm/Necr      ###.......   2%          3    #......
x - Summon Ice Beast      Ice/Summ       ####....     4%          4    ###....


Dungeon Overview and Level Annotations

Branches:
Dungeon (9/15)             Temple (1/1) D:5
   Lair: D:8-11         Orc: D:9-12

Altars:
Ashenzari
Dithmenos
Elyvilon
Fedhas
Gozag
Hepliaklqana
Kikubaaqudgha
Makhleb
Nemelex Xobeh
Okawaru
Qazlal
Ru
Sif Muna
Uskayaw
Vehumet
Wu Jian
Xom
Yredelemnul
Zin
The Shining One

Shops:
D:4 ?   D:5 [


Innate Abilities, Weirdness & Mutations

Your experience applies equally to all skills.
You have very sharp teeth.
Your uncanny sense of smell can sniff out nearby items.
You possess an exceptional clarity of mind.
Your flesh is heat resistant. (rF+)
You are covered in fur. (AC +1)
You are occasionally teleported next to monsters.


Message History

The ice beast is almost dead.
The ice beast hits you but does no damage.
The ice beast closely misses you.
You closely miss the ice beast.
The ice beast is almost dead.
The ice beast misses you.
You barely miss the ice beast.
The ice beast is almost dead.
The ice beast hits you but does no damage.
The ice beast closely misses you.
You riposte.
You closely miss the ice beast.
The ice beast is almost dead.
You slash the ice beast!
You kill the ice beast!
Your Spellcasting skill increases to level 7!
You see here a scratched steel ring.
W - a scratched steel ring Put on which piece of jewellery? (? for menu, Esc to quit)
W - a ring of wizardry (right hand)
Found 12 gold pieces.
Found a scroll of teleportation.
You see here 12 gold pieces.
You now have 215 gold pieces (gained 12).
You see here a scroll of teleportation.
o - 6 scrolls of teleportation (gained 1)
Your icy armour starts to melt.
You open the door.
Found a stone staircase leading down.
There is an open door here.
Your icy armour evaporates.
You open the door.
There is an open door here.
Unknown command.
Found a scroll labeled NIR USMACLEVITT.
Found 10 gold pieces.
You see here 10 gold pieces.
You now have 225 gold pieces (gained 10).
You see here a scroll labeled NIR USMACLEVITT.
n - 2 scrolls labeled NIR USMACLEVITT (gained 1)
Found a human skeleton.
Found an elf skeleton.
You see here a human skeleton.
Wield which item (- for none, * to show all)? (? for menu, Esc to quit)
a - a +0 dagger (weapon)
Found a dwarf skeleton.
Casting: Ozocubu's Armour
Confirm with . or Enter, or press ? or * to list all spells.
A film of ice covers your body!
Unknown command.
An ogre comes into view. It is wielding a giant club.
Found a throwing net and 5 rations.
You see here a throwing net {!f}.
Unknown command.
The helpless ogre fails to defend itself.
You stick the ogre like a pincushion!!!
You kill the ogre!
X - a throwing net {!f} You see here 3 rations.
c - 12 rations (gained 3)
Things that are here:
a giant club; an ogre corpse You see here a ration.
c - 13 rations (gained 1)
You see here a ration.
c - 14 rations (gained 1)
Things that are here:
a giant club; an ogre corpse Magic restored.
Your icy armour starts to melt.
There is an open door here.
Your icy armour evaporates.
There is a stone staircase leading down here.
You climb downwards.
An orc comes into view. It is wielding a trident.
There is a stone staircase leading up here.
The orc shouts!
You hear a shout!
You climb upwards.
There is a stone staircase leading down here.
Unknown command.
You open the door.
There is an open door here.
You open the door.
There is an open door here.
Found 19 gold pieces.
You see here 19 gold pieces.
You now have 244 gold pieces (gained 19).
A leopard gecko comes into view.
The helpless leopard gecko fails to defend itself.
You impale the leopard gecko!!
You kill the leopard gecko!
You see here a leopard gecko corpse.
There is a stone staircase leading up here.
You climb upwards.
There is a stone staircase leading down here.
Unknown command.
As you read the scroll labeled NIR USMACLEVITT, it crumbles to dust.
The air around you briefly surges with heat, but it dissipates.
It was a scroll of immolation.
As you read the scroll labeled FAXZOM TERY, it crumbles to dust.
You speak a Word of immense power!
It was a scroll of holy word.
Are you sure you want to abandon this character and quit the game? (Confirm with "yes".)

####### #.....####
########.....##..
#@.....'.....+..#
#.######.....##.#
#............##.##
#...............'.
#......###......##
###....###8###.)..#
#...)..#._._.#....##
#......##...##......
#......##≈.≈##....+.


There were no monsters in sight!

Vanquished Creatures
  A two-headed ogre (D:8)
  A wraith (Ossuary)
  A black bear (D:6)
  An ice beast (D:7)
  2 ogres
  3 centaurs
  Blork the orc (D:6)
  A bullfrog (D:6)
  2 scorpions
  8 wights
  2 centaur zombies (D:6)
  2 orc priests
  3 hounds
  A centaur skeleton (D:6)
  3 orc wizards
  4 worker ants
  A hound zombie (D:2)
  A hound skeleton (D:6)
  A mummy (Ossuary)
  A gnoll (D:5)
  9 adders
  A river rat (D:3)
  11 oozes (Sewer)
  2 worms (D:3)
  15 leopard geckos
  13 orcs
  14 ball pythons (Sewer)
  3 bats
  8 giant cockroaches
  5 goblins
  2 hobgoblins
  2 jackals
  2 kobolds
  2 quokkas
  19 frilled lizards
  3 gnoll skeletons (Ossuary)
  A kobold skeleton (Ossuary)
  2 orc skeletons (Ossuary)
  3 rats (D:3)
157 creatures vanquished.

Vanquished Creatures (collateral kills)
  A two-headed ogre (D:8)
  Psyche (D:8)
  Edmund (D:6)
  An ogre (D:4)
  A centaur (D:6)
  A bullfrog (D:8)
  3 howler monkeys (D:7)
  A crimson imp (D:7)
  A quasit (D:5)
  3 orc wizards
  An orc priest (D:4)
  2 gnolls (D:5)
  A leopard gecko (D:5)
  2 orcs (D:5)
  A gnoll skeleton (Ossuary)
  A kobold skeleton (Ossuary)
  An orc skeleton (Ossuary)
23 creatures vanquished.

Grand Total: 180 creatures vanquished

Notes
Turn   | Place    | Note
-------+----------+-------------------------------------------
     0 | D:1      | tidbits the Gnoll Ice Elementalist began the quest for the Orb.
     0 | D:1      | Reached XP level 1. HP: 13/13 MP: 6/6
    40 | D:1      | Reached skill level 2 in Conjurations
    56 | D:1      | Reached XP level 2. HP: 19/19 MP: 5/7
    60 | D:1      | Learned a level 2 spell: Throw Frost
   198 | D:2      | Reached XP level 3. HP: 19/25 MP: 9/9
   203 | D:2      | Learned a level 3 spell: Ozocubu's Armour
   212 | D:2      | Reached skill level 5 in Spellcasting
   239 | D:2      | Found an ancient bone altar of Kikubaaqudgha.
   239 | D:2      | Found a stormy altar of Qazlal.
   239 | D:2      | Found a radiant altar of Vehumet.
   239 | D:2      | Found a basalt altar of Yredelemnul.
   257 | D:3      | Found an opulent altar of Gozag.
   268 | D:3      | Reached skill level 1 in Fighting
   268 | D:3      | Reached skill level 1 in Short Blades
   268 | D:3      | Reached skill level 1 in Long Blades
   268 | D:3      | Reached skill level 1 in Axes
   268 | D:3      | Reached skill level 1 in Maces & Flails
   268 | D:3      | Reached skill level 1 in Polearms
   268 | D:3      | Reached skill level 1 in Staves
   268 | D:3      | Reached skill level 1 in Slings
   268 | D:3      | Reached skill level 1 in Bows
   268 | D:3      | Reached skill level 1 in Crossbows
   268 | D:3      | Reached skill level 1 in Throwing
   268 | D:3      | Reached skill level 1 in Armour
   268 | D:3      | Reached skill level 1 in Shields
   268 | D:3      | Reached skill level 1 in Unarmed Combat
   268 | D:3      | Reached skill level 1 in Invocations
   268 | D:3      | Reached skill level 1 in Evocations
   268 | D:3      | Reached XP level 4. HP: 22/32 MP: 0/11
   344 | D:3      | Learned a level 4 spell: Summon Ice Beast
   394 | D:3      | Found a glowing drain.
   402 | Sewer    | Entered a sewer
   432 | Sewer    | Reached skill level 1 in Hexes
   432 | Sewer    | Reached skill level 1 in Charms
   432 | Sewer    | Reached skill level 1 in Summonings
   432 | Sewer    | Reached skill level 1 in Necromancy
   432 | Sewer    | Reached skill level 1 in Translocations
   432 | Sewer    | Reached skill level 1 in Transmutations
   432 | Sewer    | Reached skill level 1 in Fire Magic
   432 | Sewer    | Reached skill level 1 in Air Magic
   432 | Sewer    | Reached skill level 1 in Earth Magic
   432 | Sewer    | Reached skill level 1 in Poison Magic
   469 | Sewer    | Reached XP level 5. HP: 28/37 MP: 0/12
   739 | Sewer    | Reached XP level 6. HP: 43/44 MP: 13/13
   847 | D:3      | Reached skill level 2 in Invocations
   910 | D:4      | Found Ciuk's Magic Scroll Shoppe.
   919 | D:4      | Found a sand-covered staircase.
   920 | D:4      | Bought a scroll of teleportation for 36 gold pieces
   920 | D:4      | Bought a scroll of identify for 24 gold pieces
   952 | Ossuary  | Entered an ossuary
   952 | Ossuary  | Noticed a wraith
   952 | Ossuary  | Noticed a wraith
   952 | Ossuary  | Noticed a wraith
  1018 | Ossuary  | Noticed a wraith
  1046 | Ossuary  | Killed a wraith
  1046 | Ossuary  | Reached skill level 2 in Fighting
  1046 | Ossuary  | Reached skill level 2 in Short Blades
  1046 | Ossuary  | Reached skill level 2 in Long Blades
  1046 | Ossuary  | Reached skill level 2 in Axes
  1046 | Ossuary  | Reached skill level 2 in Maces & Flails
  1046 | Ossuary  | Reached skill level 2 in Polearms
  1046 | Ossuary  | Reached skill level 2 in Staves
  1046 | Ossuary  | Reached skill level 2 in Slings
  1046 | Ossuary  | Reached skill level 2 in Bows
  1046 | Ossuary  | Reached skill level 2 in Crossbows
  1046 | Ossuary  | Reached skill level 2 in Throwing
  1046 | Ossuary  | Reached skill level 2 in Armour
  1046 | Ossuary  | Reached skill level 5 in Dodging
  1046 | Ossuary  | Reached skill level 2 in Shields
  1046 | Ossuary  | Reached skill level 2 in Unarmed Combat
  1046 | Ossuary  | Reached skill level 2 in Evocations
  1046 | Ossuary  | Reached XP level 7. HP: 23/50 MP: 2/15
  1122 | D:4      | Gained mutation: You are occasionally teleported next to monsters. [potion of mutation]
  1122 | D:4      | Gained mutation: Your flesh is heat resistant. (rF+) [potion of mutation]
  1122 | D:4      | Gained mutation: You are covered in fur. (AC +1) [potion of mutation]
  1122 | D:4      | Gained mutation: You possess an exceptional clarity of mind. [potion of mutation]
  1144 | D:4      | HP: 1/51 [something (6)]
  1154 | D:4      | HP: 4/51 [orc/falchion (3)]
  1180 | D:4      | Reached skill level 3 in Conjurations
  1180 | D:4      | Reached skill level 2 in Hexes
  1180 | D:4      | Reached skill level 2 in Charms
  1180 | D:4      | Reached skill level 2 in Summonings
  1180 | D:4      | Reached skill level 2 in Necromancy
  1180 | D:4      | Reached skill level 2 in Translocations
  1180 | D:4      | Reached skill level 2 in Transmutations
  1180 | D:4      | Reached skill level 2 in Fire Magic
  1180 | D:4      | Reached skill level 2 in Air Magic
  1180 | D:4      | Reached skill level 2 in Earth Magic
  1180 | D:4      | Reached skill level 2 in Poison Magic
  1206 | D:4      | Bought a scroll of identify for 24 gold pieces
  1206 | D:4      | Bought a scroll of noise for 12 gold pieces
  1258 | D:3      | Reached skill level 5 in Stealth
  1302 | D:4      | Reached skill level 3 in Invocations
  1318 | D:5      | Entered Level 5 of the Dungeon
  1369 | D:5      | Reached XP level 8. HP: 12/57 MP: 1/16
  1393 | D:6      | Learned a level 3 spell: Regeneration
  1421 | D:5      | Reached skill level 6 in Ice Magic
  1480 | D:5      | Found a staircase to the Ecumenical Temple.
  1485 | Temple   | Entered the Ecumenical Temple
  1613 | D:5      | Found Oppirgha's Armour Emporium.
  1624 | D:5      | Reached skill level 3 in Fighting
  1624 | D:5      | Reached skill level 3 in Short Blades
  1624 | D:5      | Reached skill level 3 in Long Blades
  1624 | D:5      | Reached skill level 3 in Axes
  1624 | D:5      | Reached skill level 3 in Maces & Flails
  1624 | D:5      | Reached skill level 3 in Polearms
  1624 | D:5      | Reached skill level 3 in Staves
  1624 | D:5      | Reached skill level 3 in Slings
  1624 | D:5      | Reached skill level 3 in Bows
  1624 | D:5      | Reached skill level 3 in Crossbows
  1624 | D:5      | Reached skill level 3 in Throwing
  1624 | D:5      | Reached skill level 3 in Armour
  1624 | D:5      | Reached skill level 3 in Shields
  1624 | D:5      | Reached skill level 3 in Unarmed Combat
  1624 | D:5      | Reached skill level 3 in Evocations
  1649 | D:6      | Noticed Blork the orc
  1657 | D:6      | Killed Blork the orc
  1740 | D:6      | Reached skill level 6 in Spellcasting
  1988 | D:6      | Noticed Edmund
  1994 | D:6      | Killed Edmund
  2117 | D:6      | Reached skill level 3 in Hexes
  2117 | D:6      | Reached skill level 3 in Charms
  2117 | D:6      | Reached skill level 3 in Summonings
  2117 | D:6      | Reached skill level 3 in Necromancy
  2117 | D:6      | Reached skill level 3 in Translocations
  2117 | D:6      | Reached skill level 3 in Transmutations
  2117 | D:6      | Reached skill level 3 in Fire Magic
  2117 | D:6      | Reached skill level 3 in Air Magic
  2117 | D:6      | Reached skill level 3 in Earth Magic
  2117 | D:6      | Reached skill level 3 in Poison Magic
  2117 | D:6      | Reached skill level 4 in Invocations
  2118 | D:6      | Reached XP level 9. HP: 61/65 MP: 6/18
  2121 | D:6      | Reached skill level 6 in Dodging
  2130 | D:6      | Found a shadowy altar of Dithmenos.
  2131 | D:6      | Found an iron altar of Okawaru.
  2141 | D:6      | Found a hazy altar of Hepliaklqana.
  2208 | D:8      | Noticed Psyche
  2217 | D:8      | Killed Psyche
  2238 | D:8      | Found a glowing golden altar of the Shining One.
  2261 | D:8      | Noticed a two-headed ogre
  2269 | D:8      | Killed a two-headed ogre
  2269 | D:8      | Reached skill level 4 in Fighting
  2269 | D:8      | Reached skill level 4 in Short Blades
  2269 | D:8      | Reached skill level 4 in Long Blades
  2269 | D:8      | Reached skill level 4 in Axes
  2269 | D:8      | Reached skill level 4 in Maces & Flails
  2269 | D:8      | Reached skill level 4 in Polearms
  2269 | D:8      | Reached skill level 4 in Staves
  2269 | D:8      | Reached skill level 4 in Slings
  2269 | D:8      | Reached skill level 4 in Bows
  2269 | D:8      | Reached skill level 4 in Crossbows
  2269 | D:8      | Reached skill level 4 in Throwing
  2269 | D:8      | Reached skill level 4 in Armour
  2269 | D:8      | Reached skill level 6 in Stealth
  2269 | D:8      | Reached skill level 4 in Shields
  2269 | D:8      | Reached skill level 4 in Unarmed Combat
  2269 | D:8      | Reached skill level 4 in Conjurations
  2269 | D:8      | Reached skill level 4 in Evocations
  2272 | D:8      | Noticed a two-headed ogre
  2274 | D:8      | Learned a level 1 spell: Animate Skeleton
  2277 | D:8      | Killed a two-headed ogre
  2277 | D:8      | Reached skill level 5 in Invocations
  2333 | D:9      | Found a shattered altar of Ashenzari.
  2501 | D:7      | Reached XP level 10. HP: 66/73 MP: 18/20
  2586 | D:7      | Found a sacrificial altar of Ru.
  2655 | D:7      | Reached skill level 7 in Spellcasting
  2831 | D:6      | Quit the game

Skill      XL: |  1  2  3  4  5  6  7  8  9 10 |
---------------+-------------------------------+-----
Conjurations   | 2 3 4 |  4.5
Spellcasting   | 5 6 7 |  7.0
Fighting       | 1 2 3 4 |  4.8
Short Blades   | 1 2 3 4 |  4.8
Long Blades    | 1 2 3 4 |  4.8
Axes           | 1 2 3 4 |  4.8
Maces & Flails | 1 2 3 4 |  4.8
Polearms       | 1 2 3 4 |  4.8
Staves         | 1 2 3 4 |  4.8
Slings         | 1 2 3 4 |  4.8
Bows           | 1 2 3 4 |  4.8
Crossbows      | 1 2 3 4 |  4.8
Throwing       | 1 2 3 4 |  4.8
Armour         | 1 2 3 4 |  4.8
Shields        | 1 2 3 4 |  4.8
Unarmed Combat | 1 2 3 4 |  4.8
Invocations    | 1 2 3 4 5 |  5.2
Evocations     | 1 2 3 4 |  4.8
Hexes          | 1 2 3 |  3.9
Charms         | 1 2 3 |  3.9
Summonings     | 1 2 3 |  3.9
Necromancy     | 1 2 3 |  3.9
Translocations | 1 2 3 |  3.9
Transmutations | 1 2 3 |  3.9
Fire Magic     | 1 2 3 |  3.9
Air Magic      | 1 2 3 |  3.9
Earth Magic    | 1 2 3 |  3.9
Poison Magic   | 1 2 3 |  3.9
Dodging        | 5 6 |  6.7
Stealth        | 5 6 |  6.4
Ice Magic      | 6 |  6.8

Action                   |  1- 3 |  4- 6 |  7- 9 | 10-12 || total
-------------------------+-------+-------+-------+-------++-------
Melee: Dagger            |     2 |    18 |     8 |     2 ||    30
       Quarterstaff      |     9 |   136 |     2 |       ||   147
       Bite              |     1 |    11 |    23 |     1 ||    36
       Unarmed           |       |    18 |       |       ||    18
       Morningstar       |       |       |   102 |       ||   102
       Punch             |       |       |     1 |       ||     1
       Great sword       |       |       |    57 |     9 ||    66
 Fire: Blowgun           |       |     2 |     5 |       ||     7
Throw: Stone             |       |     1 |     3 |       ||     4
 Cast: Freeze            |    15 |    44 |    34 |       ||    93
       Ozocubu's Armour  |     1 |    10 |    17 |     2 ||    30
       Summon Ice Beast  |       |     2 |    13 |       ||    15
       Throw Frost       |       |     1 |     2 |       ||     3
       Regeneration      |       |       |    10 |     1 ||    11
       Animate Skeleton  |       |       |     2 |       ||     2
Evoke: Wand              |       |       |    10 |       ||    10
  Use: Scroll            |       |     4 |     5 |     3 ||    12
       Potion            |       |     4 |     5 |       ||     9
 Stab: Sleeping          |     2 |     8 |     7 |     2 ||    19
       Distracted        |       |     1 |     2 |       ||     3
  Eat: Chunk             |       |     1 |     9 |       ||    10
       Ration            |       |       |       |     1 ||     1
Armor: Robe              |     6 |    57 |    84 |     5 ||   152
       Skin              |       |    15 |       |       ||    15
Dodge: Dodged            |    15 |   190 |   242 |     7 ||   454
       Rpst.: Great sword |       |       |    22 |     1 ||    23

Table legend:
 A = Turns spent in this place as a percentage of turns spent in the entire game.
 B = Non-inter-level travel turns spent in this place as a percentage of non-inter-level travel turns spent in the entire game.
 C = Inter-level travel turns spent in this place as a percentage of turns spent in this place.
 D = Turns resting spent in this place as a percentage of non-inter-level travel turns spent in this place.
 E = Turns spent auto-exploring this place as a percentage of non-inter-level travel turns spent in this place.
 F = Non-inter-level travel turns spent in this place divided by the number of levels of this place that you've seen.
                   A       B       C       D       E      F
               +-------+-------+-------+-------+-------+----------------------
         Total | 100.0 | 100.0 |   3.8 |   0.0 |   0.0 | 227.0
       Dungeon |  80.5 |  79.7 |   4.7 |   0.0 |   0.0 | 241.3
        Temple |   1.0 |   1.1 |   0.0 |   0.0 |   0.0 |  29.0
         Sewer |  13.1 |  13.6 |   0.0 |   0.0 |   0.0 | 371.0
       Ossuary |   5.4 |   5.6 |   0.0 |   0.0 |   0.0 | 152.0
               +-------+-------+-------+-------+-------+----------------------

Table legend:
 A = Kills in this place as a percentage of kills in entire the game.
 B = Kills by you in this place as a percentage of kills by you in the entire game.
 C = Kills by friends in this place as a percentage of kills by friends in the entire game.
 D = Other kills in this place as a percentage of other kills in the entire game.
 E = Experience gained in this place as a percentage of experience gained in the entire game.
 F = Experience gained in this place divided by the number of levels of this place that you have seen.
                   A       B       C       D       E      F
               +-------+-------+-------+-------+-------+----------------------
         Total | 100.0 | 100.0 | 100.0 |   N/A | 100.0 | 409.7
       Dungeon |  59.4 |  55.4 |  87.0 |   N/A |  91.1 | 497.4
         Sewer |  34.4 |  39.5 |   0.0 |   N/A |   4.1 | 200.0
       Ossuary |   6.1 |   5.1 |  13.0 |   N/A |   4.9 | 239.0
               +-------+-------+-------+-------+-------+----------------------

Vault maps used:
D:1:      matt_arrival_grand_opening
D:2:      nicolae_overflow_hidden_temple, bloody_trog, minmay_misc_feat_rows
D:3:      grunt_gozag_statues, gup_sewer_entry_spiral, first_ration,
          kennysheep_boxes
D:4:      enter_ossuary_1, serial_shops, shop, eino_tiny_chamber,
          uniq_crazy_yiuf_cottage
D:5:      cheibrodos_quashed, minmay_temple_entry_nine_rooms, serial_shops,
          nicolae_shop_waterfront, minmay_liquid_box, nicolae_underground_beach
D:6:      lemuel_doored_altar, gammafunk_temple_overflow_statue,
          uniq_blork_the_orc, uniq_edmund
D:7:      overflow_temple_1_default, minmay_misc_feat_five, grunt_ogre_cave
D:8:      tso_metal_star, slow_altar_2, uniq_psyche
D:9:      kennysheep_little_box, lair_entry_dummy
Temple:   jpeg_temple_island
Sewer:    sewer_frog_island_02
Ossuary:  ossuary_due_mausoleum
